 Dungeon Crawl Stone Soup version 0.29-a0-317-gd16b76e6b1 (webtiles) character file.

Game seed: 2364858800329810239

16 Dabor the Ruffian (level 2, 0/25 HPs)
             Began as a Naga Transmuter on Mar 31, 2022.
             Slain by a hobgoblin (4 damage)
             ... on level 1 of the Dungeon.
             The game lasted 00:01:13 (602 turns).

Dabor the Ruffian (Naga Transmuter)                  Turns: 602, Time: 00:01:13

Health: 0/25       AC:  1    Str: 12    XL:     2   Next: 54%
Magic:  4/5        EV: 10    Int: 13    God:
Gold:   15         SH:  0    Dex: 11    Spells: 4/5 levels left

rFire   . . .      SeeInvis +     - Unarmed
rCold   . . .      Faith    .   (no shield)
rNeg    . . .      Spirit   .   a - +0 robe
rPois   +          Reflect  .   (no helmet)
rElec   .          Harm     .   (no cloak)
rCorr   .          Rampage  .   (no gloves)
Will    .....                   (no barding)
Stlth   +.........              (no amulet)
HPRegen 0.08/turn               (no ring)
MPRegen 0.09/turn               (no ring)

@: very slightly contaminated, very slow
A: AC +0, large, see invisible, deformed body, poison resistance, slowness 2,
spit poison 1, naga tail 1
a: Spit Poison


You were on level 1 of the Dungeon.
You visited 1 branch of the dungeon, and saw 1 of its levels.

You collected 15 gold pieces.

Inventory:

Missiles
 c - 6 poisoned darts
Armour
 a - a +0 robe (worn)
 e - a +0 buckler
Potions
 b - a potion of lignification
 d - a potion of attraction {unknown}


   Skills:
 * Level 1.2 Fighting
 * Level 1.7 Dodging
 + Level 0.7 Stealth
 * Level 3.2 Unarmed Combat
 * Level 2.2 Spellcasting
 * Level 2.1 Transmutations


You had 4 spell levels left.
You knew the following spells:

 Your Spells              Type           Power      Damage    Failure   Level
a - Beastly Appendage     Tmut           14%        N/A       11%         1

Your spell library contained the following spells:

 Spells                   Type           Power      Damage    Failure   Level
 Wereblood                Tmut           7%         N/A       16%         2
 Spider Form              Tmut/Pois      4%         N/A       43%         3
 Ice Form                 Ice/Tmut       4%         N/A       85%         4


Dungeon Overview and Level Annotations

Branches:
Dungeon (1/15)

Altars:


Innate Abilities, Weirdness & Mutations

Your serpentine skin is tough. (AC +0)
You have supernaturally acute eyesight. (SInv)
Armour fits poorly on your strangely shaped body.
Your system is resistant to poisons. (rPois)
You cover ground very slowly.
You can spit poison.
You have a snake-like lower body.


Message History

The ball python bites you.
You are too injured to fight recklessly!
You are too injured to fight recklessly!
You are too injured to fight recklessly!
You are too injured to fight recklessly!
You are too injured to fight recklessly!
You are too injured to fight recklessly!
You are too injured to fight recklessly!
You are too injured to fight recklessly!
You barely miss the ball python.
The ball python is severely wounded.
The ball python bites you but does no damage.
You barely miss the ball python.
The ball python is severely wounded.
The ball python bites you but does no damage.
You hit the ball python but do no damage.
The ball python is severely wounded.
The ball python bites you.
You barely miss the ball python.
The ball python is severely wounded.
The ball python bites you.
You hit the ball python.
You kill the ball python!
A hobgoblin comes into view.
Found a scroll of teleportation.
The hobgoblin shouts!
You see here a +0 ring mail.
You see here a book of Blasting.
You see here a scroll labelled ESYLLA DIASSAA.
You closely miss the hobgoblin. The hobgoblin hits you.
You hit the hobgoblin.
The hobgoblin is heavily wounded.
The hobgoblin hits you.
* * * LOW HITPOINT WARNING * * *
Casting: Beastly Appendage (safe; 11% risk of failure)
Confirm with . or Enter, or press ? or * to list all spells.
You miscast Beastly Appendage.
You are very lightly contaminated with residual magic.
Nothing appears to happen.
The hobgoblin hits you.
You die...

#. ##. #.. #.#
##..##### .#.#
.###...#@:[# ...#
.......#.g.#..#.###
#...#.?.#.. ... #
#.###.# ..# .#
#.#...#.#.. #.##
#.##...##.# ....
#.#.......#.#..
#.##....#.[##.#
...#
#.#.....###...#?


You could see a hobgoblin.

Vanquished Creatures
  A dart slug (D:1)
  2 ball pythons (D:1)
  3 bats (D:1)
  2 endoplasms (D:1)
  A giant cockroach (D:1)
  A goblin (D:1)
  2 hobgoblins (D:1)
12 creatures vanquished.

Notes
Turn   | Place    | Note
-------+----------+-------------------------------------------
     0 | D:1      | Dabor the Naga Transmuter began the quest for the Orb.
     0 | D:1      | Reached XP level 1. HP: 18/18 MP: 3/3
   448 | D:1      | Reached XP level 2. HP: 20/25 MP: 3/5
   602 | D:1      | Slain by a hobgoblin

Illustrated notes

Levels and vault maps discovered:
D:1:      onia_arrival_pentagram, layout_loops_ring,
          hellmonk_ecumenical_altar_inner_sanctum, minmay_misc_feat_doors,
          kennysheep_doodads, minmay_vboxes

Action                   || total
-------------------------++-------
Melee: Unarmed           ||    44
       Headbutt          ||     6
       Punch             ||     2
 Cast: Beastly Appendage ||     4
  Use: Scroll            ||     2
Armor: Robe              ||    16
Dodge: Dodged            ||    41

Table legend: (Time is in decaauts)
 A = Elapsed time spent in this place.
 B = Non-inter-level travel time spent in this place.
 C = Inter-level travel time spent in this place.
 D = Time resting spent in this place.
 E = Time spent auto-exploring this place.
 F = Levels seen in this place.
 G = Mean time per level.
                   A        B        C        D        E       F      G
               +--------+--------+--------+--------+--------+-----+--------+
         Total |    661 |    661 |      0 |    337 |    171 |   1 |  661.0 |
       Dungeon |    661 |    661 |      0 |    337 |    171 |   1 |  661.0 |
               +--------+--------+--------+--------+--------+-----+--------+

Top non-repeatable levels by time:
     D:1: 661 daAuts
